 Dungeon Crawl Stone Soup version 0.29-a0-284-gf9362112df (webtiles) character file.

Game seed: 4247267828486000148

24 YayAnonymity the Slasher (level 2, -2/26 HPs)
             Began as a Draconian Berserker on Mar 25, 2022.
             Was a Follower of Trog.
             Succumbed to a kobold's poison
             ... on level 1 of the Dungeon.
             The game lasted 00:00:43 (415 turns).

YayAnonymity the Slasher (Draconian Berserker)       Turns: 415, Time: 00:00:43

Health: -2/26      AC:  4    Str: 19    XL:     2   Next: 79%
Magic:  2/2        EV: 12    Int:  7    God:    Trog [*.....]
Gold:   80         SH:  0    Dex: 10    Spells: 1/1 levels left

rFire   . . .      SeeInvis .   a - +0 falchion
rCold   . . .      Faith    .   (no shield)
rNeg    . . .      Spirit   .   (body armour unavailable)
rPois   .          Reflect  .   (helmet restricted)
rElec   .          Harm     .   (no cloak)
rCorr   .          Rampage  .   (no gloves)
Will    .....                   (no boots)
Stlth   +.........              (no amulet)
HPRegen 0.08/turn               (no ring)
MPRegen 0.08/turn               (no ring)

@: lethally poisoned (-2 -> -34), on berserk cooldown, slowed, very slow
A: AC +4, unfitting armour, cold-blooded
a: Renounce Religion, Berserk


You were on level 1 of the Dungeon.
You worshipped Trog.
Trog was aware of your devotion.
You visited 1 branch of the dungeon, and saw 1 of its levels.

You collected 80 gold pieces.

Inventory:

Hand Weapons
 a - a +0 falchion (weapon)
Scrolls
 c - a scroll of blinking {unknown}
 d - a scroll of holy word {unknown}
 e - a scroll of amnesia {unknown}
 f - a scroll of identify {unknown}
Potions
 b - a potion of ambrosia {unknown}


   Skills:
 - Level 3.2 Fighting
 * Level 3.8 Long Blades
 + Level 3.0 Dodging


You had one spell level left.
You didn't know any spells.
Your spell library was empty.

Dungeon Overview and Level Annotations

Branches:
Dungeon (1/15)

Altars:


Innate Abilities, Weirdness & Mutations

Your plain brown scales are hard. (AC +4)
You cannot fit into any form of body armour.
You are cold-blooded and may be slowed by cold attacks.


Message History

a +0 flail; a gnoll corpse Calm down first, please.
You start waiting.
You feel a strong urge to attack something.
You start waiting.
You feel your anger nearly subside.
You start waiting.
You are no longer berserk.
You are exhausted.
You feel yourself slow down.
You now have 80 gold pieces (gained 8).
Found a stone staircase leading down.
Found a stone staircase leading down.
Found a pair of boots.
A kobold comes into view.
It is wielding a +1 short sword of venom.
The kobold shouts!
Found a scroll labelled UPPAHI JEVOAF.
A hobgoblin comes into view.
The kobold misses you. The kobold hits you but does no damage.
You are poisoned.
The hobgoblin moves out of view.
You barely miss the kobold.
You feel very sick.
The kobold hits you with a +1 short sword of venom.
You are more poisoned.
The kobold barely misses you.
You barely miss the kobold.
Your tail-slap misses the kobold.
You feel very sick. The kobold hits you but does no damage.
You are lethally poisoned!
You barely miss the kobold.
You feel very sick.
The kobold hits you with a +1 short sword of venom.
You are more poisoned.
The kobold hits you but does no damage.
You are too injured to fight recklessly!
The hobgoblin shouts!
You hit the kobold.
The kobold is moderately wounded.
You die...

...#######....#.......
...........##...........
.....#####..............
...#.# ####...>.......
..(..# #...........
....... #.........?.
.....#...####.....>.....
.....# #................
..#...########..@K##.#
.##.... ####....# ## .[.
.....# .. ...[..#
......# ......# .g...##
......


You could see a hobgoblin and a kobold.

Vanquished Creatures
  A gnoll (D:1)
  3 endoplasms (D:1)
  A giant cockroach (D:1)
  3 goblins (D:1)
  A hobgoblin (D:1)
  A bat (D:1)
  3 frilled lizards (D:1)
  A kobold (D:1)
  A rat (D:1)
15 creatures vanquished.

Notes
Turn   | Place    | Note
-------+----------+-------------------------------------------
     0 | D:1      | YayAnonymity the Draconian Berserker began the quest for
                  | the Orb.
     0 | D:1      | Reached XP level 1. HP: 19/19 MP: 1/1
   162 | D:1      | Reached XP level 2. HP: 24/26 MP: 2/2
   415 | D:1      | Succumbed to a kobold's poison

Illustrated notes

Levels and vault maps discovered:
D:1:      kennysheep_arrival_seaside, layout_rooms, serial_bayou_crossing

Skill      XL: |  1  2 |
---------------+-------+-----
Dodging        | 3 |  3.0
Fighting       | |  3.2
Long Blades    | |  3.8

Action                   || total
-------------------------++-------
Melee: Falchion          ||    36
       Tailslap          ||     6
Invok: Berserk           ||     1
Armor: Skin              ||    12
Dodge: Dodged            ||    23

Table legend: (Time is in decaauts)
 A = Elapsed time spent in this place.
 B = Non-inter-level travel time spent in this place.
 C = Inter-level travel time spent in this place.
 D = Time resting spent in this place.
 E = Time spent auto-exploring this place.
 F = Levels seen in this place.
 G = Mean time per level.
                   A        B        C        D        E       F      G
               +--------+--------+--------+--------+--------+-----+--------+
         Total |    432 |    432 |      0 |      1 |    320 |   1 |  432.0 |
       Dungeon |    432 |    432 |      0 |      1 |    320 |   1 |  432.0 |
               +--------+--------+--------+--------+--------+-----+--------+

Top non-repeatable levels by time:
     D:1: 432 daAuts
